 Dungeon Crawl Stone Soup version 0.30-a0-715-gdb4ae3ece1 (webtiles) character file.

Game seed: 5500685331786612157

24 cforsyth the Caller (level 2, -1/19 HPs)
             Began as a Demonspawn Summoner on Jan 25, 2023.
             Slain by an adder (3 damage)
             ... on level 1 of the Dungeon.
             The game lasted 00:03:02 (1265 turns).

cforsyth the Caller (Demonspawn Summoner)           Turns: 1265, Time: 00:03:03

Health: -1/19      AC:  2    Str:  6 (8)  XL:     2   Next: 79%
Magic:  0/5        EV: 12    Int: 15 (16) God:
Gold:   37         SH:  0    Dex: 11 (13) Spells: 3/6 levels left

rFire   . . .      SeeInvis .    (no weapon)
rCold   . . .      Faith    .    (no shield)
rNeg    . . .      Spirit   .    a - +0 robe
rPois   .          Reflect  .    (no helmet)
rElec   .          Harm     .    (no cloak)
rCorr   .          Rampage  .    (no gloves)
Will    .....                    (no boots)
Stlth   ++                       (no amulet)
HPRegen 0.23/turn                (no ring)
MPRegen 0.09/turn                (no ring)

@: no status effects
A: ignite blood 1
a: no special abilities


You were on level 1 of the Dungeon.
You visited 1 branch of the dungeon, and saw 2 of its levels.

You collected 37 gold pieces.

Inventory:

Armour
 a - a +0 robe (worn)
Scrolls
 c - 2 scrolls of identify
 d - a scroll of immolation
Potions
 b - a potion of magic


   Skills:
 - Level 1.8 Dodging
 - Level 1.8 Stealth
 + Level 2.6 Spellcasting
 + Level 4.4 Summonings


You had 3 spell levels left.
You knew the following spells:

 Your Spells              Type           Power      Damage    Failure   Level
a - Summon Small Mammal   Summ           60%        N/A       3%          1
b - Call Imp              Summ           15%        N/A       4%          2

Your spell library contained the following spells:

 Spells                   Type           Power      Damage    Failure   Level
 Call Canine Familiar     Summ           15%        N/A       10%         3
 Kiss of Death            Conj/Necr      4%         2d5       22%         1
 Summon Guardian Golem    Hex/Summ       8%         N/A       26%         3
 Confusing Touch          Hex            1%         N/A       54%         3
 Summon Lightning Spire   Summ/Air       8%         N/A       63%         4
 Dispel Undead            Necr           1%         3d6       91%         4


Dungeon Overview and Level Annotations

Branches:
Dungeon (2/15)

Altars:


Innate Abilities, Weirdness & Mutations

Your demonic aura sometimes causes spilled blood to erupt in flames.


Message History

The adder misses your quokka.
You feel sick.
Your quokka completely misses the adder.
The adder bites your quokka but does no damage.
The ball python attacks as you move away!
The ball python barely misses you. x2; You feel sick.
The adder misses your quokka.
Your quokka closely misses the adder.
You feel sick.
You are no longer poisoned.
Your quokka closely misses the adder.
The ball python closely misses you. x2
The ball python attacks as you move away!
The ball python bites you.
* * * LOW HITPOINT WARNING * * *
The ball python closely misses you.
Your quokka closely misses the adder.
There is an open door here.
It was a potion of degeneration.
There was something very wrong with that liquid.
You feel weakened.
You feel dopey.
You feel clumsy. The ball python misses you. The ball python grabs you.
The ball python constricts you.
* * * LOW HITPOINT WARNING * * *
As you read the scroll labelled GYWUNU FEDE, it crumbles to dust.
It is a scroll of identify.
d - a scroll of immolation The ball python loses its grip on you.
Your quokka barely misses the ball python.
Okay, then.
Casting: Summon Small Mammal (safe; 3% risk of failure)
Confirm with . or Enter, or press ? or * to list all spells.
The adder bites you.
* * * LOW HITPOINT WARNING * * *
Unknown command.
Unknown command.
Unknown command.
Your bat closely misses the ball python.
Your quokka closely misses the adder.
Your quokka bites the ball python.
Your bat hits the ball python.
The ball python dies!
The adder attacks as you move away! The adder bites you.
You die...

.....###.## #.# #..# .#.### #.#
#.### ##..# .#.# #.# #...# #....
##.# ##'## ###.# ##.#.# ...#
##...## #.# #..#.# #.####.....##
####.# ###.#### .####.......##
##.##.# #.......
####.........####...#.####....≈≈.
...+....>...br.S@.............≈≈.
####.........####.....##.####....
# ##.......## #..#.###.# #.###
##.....## #.##.# #.# #.#..
##...## #.##.###.# ###.< ##'##
#.##.....# ##.#.. #####.#####
#.##########..### #.........# #.#
#.....# # #.###.###.####.#
#......


You could see an adder (ally target), a friendly quokka (summoned) and a
friendly bat (summoned).

Vanquished Creatures
  A dart slug (D:1)
  A bat (D:1)
  2 ball pythons (D:1)
  A goblin (D:1)
  A kobold (D:1)
6 creatures vanquished.

Vanquished Creatures (collateral kills)
  A dart slug (D:1)
  2 ball pythons (D:1)
  An endoplasm (D:1)
  5 hobgoblins (D:1)
  A quokka (D:1)
  A frilled lizard (D:1)
  2 rats (D:1)
13 creatures vanquished.

Grand Total: 19 creatures vanquished

Notes
Turn   | Place    | Note
-------+----------+-------------------------------------------
     0 | D:1      | cforsyth the Demonspawn Summoner began the quest for the
                  | Orb.
     0 | D:1      | Reached XP level 1. HP: 13/13 MP: 3/3
   341 | D:1      | Gained mutation: Your demonic aura sometimes causes spilled
                  | blood to erupt in flames. [demonic ancestry]
   341 | D:1      | Reached XP level 2. HP: 17/19 MP: 1/5
  1217 | D:1      | Learned a level 2 spell: Call Imp
  1265 | D:1      | Slain by an adder

Illustrated notes

Levels and vault maps discovered:
D:1:      amcnicky_arrival_single_pillar, layout_loops_corners
D:2:      layout_rooms, hellmonk_ecumenical_altar_run_dry,
          kennysheep_generic_room_11

Action                     || total
---------------------------++-------
  Melee: Unarmed           ||    53
         Punch             ||     2
   Cast: Summon Small Mamm ||    35
         Call Imp          ||     1
    Use: Scroll            ||     1
         Potion            ||     1
 Armour: Robe              ||    15
  Dodge: Dodged            ||    62

Table legend: (Time is in decaauts)
 A = Elapsed time spent in this place.
 B = Non-inter-level travel time spent in this place.
 C = Inter-level travel time spent in this place.
 D = Time resting spent in this place.
 E = Time spent auto-exploring this place.
 F = Levels seen in this place.
 G = Mean time per level.
                   A        B        C        D        E       F      G
               +--------+--------+--------+--------+--------+-----+--------+
         Total |   1266 |   1225 |     41 |      0 |    904 |   2 |  633.0 |
       Dungeon |   1266 |   1225 |     41 |      0 |    904 |   2 |  633.0 |
               +--------+--------+--------+--------+--------+-----+--------+

Top non-repeatable levels by time:
     D:1: 1256 daAuts
     D:2: 10 daAuts
